 Dungeon Crawl Stone Soup version 0.18.1-50-g88ac8fd (webtiles) character file.

5744 Kafka the Basher (level 10, -3/64 HPs)
             Began as a Gargoyle Fighter on Oct 16, 2016.
             Was a High Priest of Okawaru.
             Killed by nerve-wracking pain
             ... invoked by an orc priest
              (9 damage)
             ... on level 10 of the Dungeon.
             The game lasted 00:25:02 (8109 turns).

Kafka the Basher (Gargoyle Fighter)                 Turns: 8109, Time: 00:25:02

Health: -3/64      AC: 23    Str: 27    XL:     10   Next: 77%
Magic:  10/10      EV:  6    Int:  9    God:    Okawaru [*****.]
Gold:   413        SH: 11    Dex: 12    Spells: 0 memorised, 9 levels left

rFire  . . .     SeeInvis .     u - +0 morningstar
rCold  . . .     Gourm    .     M - +0 plate armour
rNeg   + . .     Faith    .     c - +0 shield
rPois  ∞         Spirit   .     (no helmet)
rElec  +         Dismiss  .     (no cloak)
rCorr  .         Reflect  .     H - +1 pair of gloves
SustAt +         Harm     .     (no boots)
MR     .....                    (no amulet)
Stlth  ..........               r - ring of sustain attributes
                                k - +2 ring of strength

@: mighty, not resistant to hostile enchantments, extremely unstealthy
A: negative energy resistance 1, electricity resistance, unbreathing,
petrification resistance, rot immunity, AC +7
a: Heroism, Finesse, Renounce Religion


You were on level 10 of the Dungeon.
You worshipped Okawaru.
Okawaru was extremely pleased with you.
You were not hungry.

You visited 2 branches of the dungeon, and saw 12 of its levels.

You collected 413 gold pieces.

Inventory:

Hand Weapons
 a - a +0 flail
 u - a +0 morningstar (weapon)
Missiles
 z - 4 needles of confusion
Armour
 b - a +0 scale mail
 c - a +0 shield (worn)
 H - a +1 pair of gloves (worn)
 M - a +0 plate armour (worn)
Jewellery
 k - a +2 ring of strength (left hand)
 l - an uncursed ring of stealth
 r - a ring of sustain attributes (right hand)
 s - an uncursed ring of see invisible {unknown}
 A - an uncursed ring of positive energy {unknown}
 I - a cursed ring of see invisible {unknown}
Wands
 g - a wand of lightning (3/15)
 v - a wand of teleportation (4/9)
 C - a wand of slowing (16/48)
 D - a wand of polymorph (12/24)
 F - a wand of slowing (20/48)
 K - a wand of lightning (2/15)
 L - a wand of acid (5/15)
 N - a wand of flame (35/48)
 O - a wand of teleportation (2/9)
 P - a wand of disintegration (15/24)
 R - a wand of paralysis (11/24)
Scrolls
 i - 3 scrolls of remove curse
 q - a scroll of fog
 t - a scroll of magic mapping
 y - 3 scrolls of identify
 B - 2 scrolls of enchant armour
 J - 4 scrolls of teleportation
 Q - a scroll of vulnerability {unknown}
Potions
 d - a potion of might
 e - 2 potions of degeneration
 j - 4 potions of lignification
 n - a potion of cure mutation
 p - 3 potions of resistance
 E - a potion of ambrosia {unknown}
 G - a potion of mutation {unknown}
Books
 m - a book of Ice

   Spells                             Type                      Level
   a - Ice Form                       Ice/Transmutation            4
   b - Metabolic Englaciation         Hexes/Ice                    5
   c - Ozocubu's Refrigeration        Ice                          6
   d - Bolt of Cold                   Conjuration/Ice              6
   e - Freezing Cloud                 Conjuration/Ice/Air          6
   f - Simulacrum                     Ice/Necromancy               6
Comestibles
 f - 7 bread rations
 h - 4 meat rations


   Skills:
 + Level 8.2 Fighting
 * Level 10.7 Maces & Flails
 * Level 9.6 Armour
 - Level 6.2 Shields


You had 9 spell levels left.
You didn't know any spells.

Dungeon Overview and Level Annotations

Branches:
Dungeon (11/15)            Temple (1/1) D:4             Orc (0/2) D:10
   Lair: D:8-11

Altars:
Ashenzari
Cheibriados
Dithmenos
Elyvilon
Fedhas
Gozag
Kikubaaqudgha
Makhleb
Okawaru
Pakellas
Ru
Sif Muna
Trog
Vehumet
Xom
Zin
The Shining One
Lugonu

Shops:
D:2 *

Annotations:
D:4 Menkaure, Sigmund
D:6 exclusion: oklob plant


Innate Abilities, Weirdness & Mutations

You are resistant to torment.
Your stone body is resilient (AC +7).
You are immune to poison.
You resist negative energy.
You are resistant to electric shocks.
You can survive without breathing.
You are immune to petrification.
You are immune to rotting.


Message History

Your shield prevents you from hitting the orc priest.
The orc priest is severely wounded.
The orc priest hits you but does no damage.
You block the orc priest's attack.
Drink which item? (? for menu, Esc to quit)
You feel very mighty all of a sudden.
The orc priest hits you but does no damage. x2
You impale the orc priest!!
You kill the orc priest!
Okawaru accepts your kill.
The orc priest hits you but does no damage.
The orc priest calls down the wrath of Beogh upon you.
You struggle to resist.
Items here: ( )))) [[ †† Your plate armour prevents you from hitting the orc priest.
The orc priest completely misses you.
You closely miss the orc priest.
The orc priest invokes the aid of Beogh against you.
Pain shoots through your body!
You die...

## .##o...((..##...# #
.# . #o##########.## . .
##.##........##..# #.#.
#.##...####......#
#.#.##.....##..##....##
..#.#...............# .
#.#......##..##...## ##
##...##..o####...##
.######...>.##..@)(..###
.............#########
..#####.......# ...##
##.....## ÷...# ##......
....# ######## ....##
.[...## ......####


You could see an orc priest.

Vanquished Creatures
  2 hill giants
  An ugly thing (D:11)
  Psyche (D:8)
  A two-headed ogre (D:11)
  A hippogriff (D:7)
  A warg (D:10)
  6 orc warriors
  An ice beast (D:8)
  An eye of draining (D:8)
  3 sky beasts
  2 ogres
  3 centaurs
  Blork the orc (D:6)
  6 giant frogs
  3 scorpions
  6 howler monkeys
  2 crimson imps
  4 hounds
  3 jellies
  9 orc wizards
  A gnoll shaman (D:7)
  A quasit (D:7)
  8 orc priests
  2 centaur skeletons
  2 giant frog skeletons
  An iguana (D:4)
  4 worker ants
  A hound zombie (D:8)
  A worker ant zombie (D:5)
  9 gnolls
  10 adders
  2 oozes (D:1)
  An adder skeleton (D:6)
  5 worms
  A dart slug (D:3)
  9 giant geckos
  31 orcs
  7 bats
  6 giant cockroaches
  5 hobgoblins
  3 jackals
  7 kobolds
  A quokka (D:6)
  A giant gecko skeleton (D:7)
  9 giant newts
  10 goblins
  A quokka zombie (D:6)
  9 rats
205 creatures vanquished.

Vanquished Creatures (others)
  An orc priest (D:8)
1 creature vanquished.

Grand Total: 206 creatures vanquished

Notes
Turn   | Place    | Note
--------------------------------------------------------------
     0 | D:1      | Kafka the Gargoyle Fighter began the quest for the Orb.
     0 | D:1      | Reached XP level 1. HP: 14/14 MP: 1/1
    98 | D:1      | Reached XP level 2. HP: 18/19 MP: 2/2
   315 | D:1      | Reached skill level 3 in Maces & Flails
   457 | D:1      | Reached XP level 3. HP: 23/23 MP: 3/3
   977 | D:2      | Found a shattered altar of Ashenzari.
  1018 | D:2      | Found Gozag's Platinum Reserve.
  1020 | D:2      | Found an opulent altar of Gozag.
  1098 | D:2      | Reached skill level 4 in Maces & Flails
  1113 | D:2      | Reached XP level 4. HP: 16/28 MP: 4/4
  1168 | D:2      | Found an iron altar of Okawaru.
  1183 | D:2      | Became a worshipper of Warmaster Okawaru
  1953 | D:3      | Reached skill level 5 in Maces & Flails
  1953 | D:3      | Reached XP level 5. HP: 32/32 MP: 5/5
  1991 | D:3      | Found an oddly glowing altar of Pakellas.
  2114 | D:3      | Found an ancient bone altar of Kikubaaqudgha.
  2394 | D:3      | Reached XP level 6. HP: 32/38 MP: 6/6
  2401 | D:3      | Found a snail-covered altar of Cheibriados.
  2728 | D:4      | Reached skill level 6 in Maces & Flails
  2742 | D:4      | Found a staircase to the Ecumenical Temple.
  2752 | Temple   | Entered the Ecumenical Temple
  2911 | D:4      | Reached * piety under Okawaru
  2913 | D:4      | Noticed Menkaure
  2956 | D:4      | Noticed Sigmund
  3362 | D:4      | Reached XP level 7. HP: 40/43 MP: 7/7
  3439 | D:5      | Entered Level 5 of the Dungeon
  3621 | D:5      | Found a radiant altar of Vehumet.
  4147 | D:6      | Noticed Blork the orc
  4158 | D:6      | Killed Blork the orc
  4158 | D:6      | Reached ** piety under Okawaru
  4158 | D:6      | Reached skill level 7 in Maces & Flails
  4159 | D:6      | Reached skill level 5 in Fighting
  4159 | D:6      | Reached XP level 8. HP: 38/49 MP: 5/8
  4231 | D:6      | Reached skill level 5 in Armour
  4605 | D:6      | Found a glowing golden altar of the Shining One.
  5146 | D:6      | Found an iron altar of Okawaru.
  5146 | D:6      | Noticed an oklob plant
  5528 | D:7      | Reached skill level 8 in Maces & Flails
  5528 | D:7      | Reached skill level 5 in Shields
  5565 | D:7      | Reached *** piety under Okawaru
  5565 | D:7      | Received a gift from Okawaru
  5575 | D:7      | Reached XP level 9. HP: 53/55 MP: 9/9
  5665 | D:7      | Found a shimmering altar of Xom.
  6624 | D:8      | Reached skill level 9 in Maces & Flails
  7064 | D:8      | Noticed Psyche
  7075 | D:8      | Killed Psyche
  7129 | D:8      | Reached **** piety under Okawaru
  7129 | D:8      | Reached XP level 10. HP: 58/63 MP: 10/10
  7267 | D:9      | You fall through a shaft for 2 floors!
  7267 | D:11     | Noticed a red ugly thing
  7276 | D:11     | Noticed a hill giant
  7277 | D:11     | Killed a red ugly thing
  7277 | D:11     | Reached skill level 10 in Maces & Flails
  7297 | D:11     | Killed a hill giant
  7665 | D:10     | Entered Level 10 of the Dungeon
  7738 | D:10     | Noticed a hill giant
  7748 | D:10     | Killed a hill giant
  7774 | D:10     | Reached ***** piety under Okawaru
  7993 | D:10     | Found a staircase to the Orcish Mines.
  8047 | D:10     | Received a gift from Okawaru
  8109 | D:10     | Killed from afar by an orc priest

Skill      XL: |  1  2  3  4  5  6  7  8  9 10 |
---------------+-------------------------------+-----
Maces & Flails | 3 4 5 6 7 8 9 10 | 10.7
Fighting       | 4 5 7 8 |  8.2
Armour         | 4 6 7 9 |  9.6
Shields        | 4 5 6 |  6.2

Action                   |  1- 3 |  4- 6 |  7- 9 | 10-12 || total
-------------------------+-------+-------+-------+-------++-------
Melee: Flail             |   117 |   241 |   477 |       ||   835
       Morningstar       |       |       |    31 |   123 ||   154
Invok: Heroism           |       |       |     2 |     3 ||     5
Evoke: Wand              |       |       |     1 |     4 ||     5
  Use: Scroll            |       |     8 |     7 |     2 ||    17
       Potion            |       |     4 |     7 |     6 ||    17
 Stab: Invisible         |       |       |     3 |       ||     3
  Eat: Chunk             |     1 |     4 |     4 |       ||     9
       Pizza             |       |     1 |     3 |       ||     4
       Fruit             |       |     2 |       |       ||     2
       Meat ration       |       |       |     2 |       ||     2
Armor: Scale mail        |    60 |   130 |   235 |       ||   425
       Plate armour      |       |       |    41 |    62 ||   103
Dodge: Dodged            |    37 |    67 |   126 |    14 ||   244
Block: Shield            |    58 |   124 |   269 |    60 ||   511
